Map: Data-C

Players

Dolan

  • Race: Terran Terran
  • Spawn Location: 9:00

Spirit - Winner!

  • Race: Terran Terran
  • Spawn Location: 3:00

Event: DreamHack SC2 Masters 2022 Atlanta (Offline)

VOD

Have the link to the VOD?

Description

Time

  • Played on: Nov. 18, 2022, 2:02 p.m.
  • Length: 6:44

All games in this series

Show
View Real Time Build Order
Export as new Build Order

Dolan Terran 

Build Orders: 1/1/1, Liberator Opening 

Get SALT Encoding   

  12  0:00  SCV  
  13  0:12  SCV  
  14  0:17  Supply Depot  
  14  0:25  SCV  
  14  0:27  Refinery  
  15  0:38  SCV  
  16  0:44  Barracks  
  16  0:50  SCV  
  16  0:54  Refinery  
  17  1:02  SCV  
  18  1:14  SCV  
  19  1:31  Barracks Reactor, Orbital Command  
  19  1:35  Factory  
  19  1:44  Supply Depot  
  19  1:56  SCV  
  20  2:07  Reaper x2  
  22  2:10  SCV  
  23  2:18  Starport  
  23  2:20  Hellion  
  24  2:39  Reaper x2  
  26  2:44  Hellion  
  26  2:48  Supply Depot  
  28  2:54  Liberator  
  31  3:07  Supply Depot  
  31  3:10  SCV, Hellion  
  34  3:22  Reaper x2  
  34  3:25  SCV  
  37  3:32  Hellion  
  39  3:37  SCV  
  39  3:40  Starport Tech Lab  
  40  3:49  SCV  
  40  3:53  Factory Tech Lab  
  40  3:54  Marine x2  
  43  4:03  Command Center  
  43  4:07  SCV  
  41  4:24  Refinery  
  33  4:32  SCV  
  33  4:36  Raven  
  33  4:37  Siege Tank, Marine  
  33  4:38  Marine  
  39  4:44  SCV  
  40  4:57  SCV  
  40  4:58  Marine  
  40  4:59  Marine  
  43  5:04  Command Center  
  43  5:13  SCV  
  43  5:18  Orbital Command  
  43  5:21  Raven  
  43  5:25  SCV  
  46  5:30  Siege Tank  
  49  5:37  SCV  
  49  5:40  Marine x2  
  52  5:44  SCV  
  52  5:49  SCV  
  55  5:57  SCV  
  55  6:01  SCV  
  55  6:02  Siege Tank, Marine x2  
  61  6:09  SCV  
  62  6:13  SCV  
  54  6:26  SCV x2  
Show
View Real Time Build Order
Export as new Build Order

Spirit Terran - Winner!

Build Orders: Cyclone Opening 

Get SALT Encoding   

  12  0:00  SCV  
  13  0:12  SCV  
  14  0:17  Supply Depot  
  14  0:24  SCV  
  15  0:39  SCV  
  15  0:41  Barracks  
  16  0:46  Refinery  
  16  0:51  SCV  
  17  0:59  Refinery  
  17  1:03  SCV  
  18  1:15  SCV  
  19  1:28  Reaper, Orbital Command  
  20  1:35  Supply Depot  
  20  1:49  Factory  
  21  1:54  SCV  
  21  2:00  Barracks Tech Lab  
  21  2:06  SCV  
  22  2:18  SCV  
  23  2:27  Barracks Reactor  
  23  2:32  SCV  
  23  2:36  Command Center  
  24  2:42  Cyclone  
  26  2:45  SCV  
  26  2:51  Supply Depot  
  27  2:58  SCV  
  28  3:04  Marine  
  29  3:07  Marine  
  30  3:14  SCV, Siege Tank  
  30  3:19  Starport  
  34  3:25  Marine  
  34  3:26  SCV  
  34  3:27  Marine  
  37  3:38  SCV  
  38  3:43  Marine  
  39  3:55  Marine  
  39  3:56  Orbital Command  
  39  4:02  SCV, Refinery  
  41  4:04  Marine  
  41  4:06  Raven  
  44  4:11  Factory Tech Lab  
  44  4:13  Marine  
  44  4:14  SCV  
  45  4:17  Supply Depot  
  45  4:22  Marine  
  45  4:23  SCV  
  44  4:26  SCV  
  44  4:31  Marine  
  41  4:35  SCV  
  41  4:38  SCV  
  43  4:46  Siege Tank  
  43  4:48  SCV  
  43  4:50  SCV  
  48  4:59  Viking x2  
  52  5:00  SCV  
  52  5:06  SCV  
  54  5:12  SCV  
  55  5:18  SCV, Siege Tank  
  59  5:25  Marine  
  60  5:29  Supply Depot, Viking  
  60  5:31  Supply Depot  
  60  5:32  SCV  
  60  5:34  Viking  
  65  5:38  Supply Depot  
  65  5:40  SCV  
  66  5:45  SCV  
  67  5:52  SCV  
  68  5:57  SCV  
  68  5:59  Viking  
  71  6:04  SCV, Viking  
  71  6:09  SCV  
  75  6:16  SCV  
  79  6:21  SCV, Marine  
Tags
 
Add a new tag
Caveats
  • Supply blocks, unpowered buildings, or Contaminate may cause inaccurate times.
  • Supply counts are checked every 10 seconds.